 Dungeon Sprint DCSS version 0.17-a0-1951-g62301d3 (webtiles) character file.

476144 hexophile the Axe Maniac (level 20, 197/197 HPs)
             Began as a Formicid Fighter on Oct 2, 2015.
             Was the Champion of Makhleb.
             Escaped with the Orb!
             The game lasted 00:25:04 (3409 turns).

hexophile the Axe Maniac (Formicid Fighter)         Turns: 3409, Time: 00:25:04

Health: 197/197    AC: 45    Str: 27    XL:     20   Next: 41%
Magic:  33/46      EV: 19    Int: 15    God:    Makhleb [******]
Gold:   0          SH: 37    Dex: 20    Spells: 0 memorised, 19 levels left

rFire  + + +     SeeInvis +     D - +7 battleaxe of the Morning {vamp, +Fly MR- Dex+4}
rCold  + + +     Clarity  .     x - +9 crystal plate armour
rNeg   + + +     SustAt   .     a - +18 shield of the gong {rElec rN+ MR+ EV-5}
rPois  +         Gourm    .     (helmet unavailable)
rElec  +         Spirit   +     (no cloak)
rCorr  +         Warding  .     N - +2 pair of gloves {archery}
rMut   .         Stasis   +     C - +1 pair of boots of the Duchess {rN+ rCorr Str+4 Int+3}
MR     ++...                    B - amulet of the Harvest {Spirit +Fly rF- rC+++ MP+9}
Stlth  ..........               O - ring "Qoiceph" {+Fly rF++ rN+ Int+3}
                                M - ring of Arrival {rPois rF++ Slay-2 Stlth-}

@: studying 2 skills, very resistant to hostile enchantments, extremely
unstealthy
A: permanent stasis, dig shafts and tunnels, four strong arms, antennae 3,
poison resistance, spit poison 1
a: Dig, Spit Poison, Minor Destruction, Lesser Servant of Makhleb, Major
Destruction, Greater Servant of Makhleb, Renounce Religion, Evoke Flight
0: Orb of Zot


You escaped.
You worshipped Makhleb.
Makhleb was exalted by your worship.
You were not hungry.

You visited 1 branch


Innate Abilities, Weirdness & Mutations

You are under a permanent stasis effect.
You can dig through walls and to a lower floor.
Your four strong arms can wield two-handed weapons with a shield.
You have a pair of large antennae on your head (SInv).
Your system is resistant to poisons.
You can spit weak poison.

Inventory:

Hand weapons
 l - a +5 executioner's axe of freezing
 D - the +7 battleaxe of the Morning (weapon) {vamp, +Fly MR- Dex+4}
   (You took it off a deep elf summoner in the Dungeon)

   It inflicts no extra harm, but heals its wielder somewhat when it strikes a
   living foe.
   It affects your dexterity (+4).
   It affects your resistance to hostile enchantments.
   It lets you fly.
 E - the +8 Wrath of Trog {antimagic, *Rage}
   (You found it in the Dungeon)

   It disrupts the flow of magical energy around spellcasters and certain
   magical creatures (including the wielder).
   It may make you go berserk in combat.
 P - the +10 sword of Jihad {holy, *Rage rN+ EV+3 Stlth-}
   (You found it in the Dungeon)

   It has been blessed by the Shining One to cause great damage to the undead
   and demons.
   It affects your evasion (+3).
   It protects you from negative energy.
   It may make you go berserk in combat.
   It makes you less stealthy.
Armour
 a - the +18 shield of the gong (worn) {rElec rN+ MR+ EV-5}
   (You found it in the Dungeon)

   It affects your evasion (-5).
   It insulates you from electricity.
   It protects you from negative energy.
   It affects your resistance to hostile enchantments.
 x - a +9 crystal plate armour (worn)
 C - the +1 pair of boots of the Duchess (worn) {rN+ rCorr Str+4 Int+3}
   (You found it in the Dungeon)

   It affects your strength (+4).
   It affects your intelligence (+3).
   It protects you from negative energy.
   It protects you from acid and corrosion.
 N - a +2 pair of gloves of archery (worn)
Rods
 K - a +2 rod of clouds (13/13)
   (You took it off an orc wizard in the Dungeon)
Jewellery
 t - a +2 ring of evasion
 B - the amulet of the Harvest (around neck) {Spirit +Fly rF- rC+++ MP+9}
   (You found it in the Dungeon)

   [amulet of guardian spirit]

   It causes incoming damage to be split between your health and magic.
   It makes you vulnerable to fire.
   It renders you almost immune to cold.
   It affects your magic capacity (+9).
   It lets you fly.
 G - an uncursed ring of protection from cold
 L - a ring of the Octopus King {SustAt AC+1 EV+1 Str+1 Int+1 Dex+1}
   (You found it in the Dungeon)

   [ring of sustain attributes]

   It sustains your strength, intelligence and dexterity.
   It affects your AC (+1).
   It affects your evasion (+1).
   It affects your strength (+1).
   It affects your intelligence (+1).
   It affects your dexterity (+1).
 M - the ring of Arrival (left hand) {rPois rF++ Slay-2 Stlth-}
   (You found it in the Dungeon)

   [ring of slaying]

   It affects your accuracy and damage with ranged weapons and melee attacks
   (-2).
   It greatly protects you from fire.
   It protects you from poison.
   It makes you less stealthy.
 O - the ring "Qoiceph" (right hand) {+Fly rF++ rN+ Int+3}
   (You found it in the Dungeon)

   [ring of flight]

   It affects your intelligence (+3).
   It greatly protects you from fire.
   It protects you from negative energy.
   It lets you fly.
Magical devices
 h - a wand of disintegration (7)
 j - a wand of fire (3)
 y - a wand of cold (5)
 A - a wand of draining (4)
Scrolls
 n - 4 scrolls of amnesia
 o - 6 scrolls of recharging
 p - 5 scrolls of fog
 q - a scroll of holy word
 r - 5 scrolls of identify
 s - 4 scrolls of remove curse
Potions
 d - 4 potions of might
 f - 6 potions of curing
 g - 5 potions of heal wounds
 i - 7 potions of magic
 u - 2 potions of brilliance
 v - 2 potions of invisibility
 w - 2 potions of resistance
 z - 4 potions of agility
Books
 Q - a manual of Maces & Flails
 R - a manual of Earth Magic
Miscellaneous
 b - a lamp of fire
 c - a legendary deck of defence
 F - a box of beasts {used: 2}
 H - a disc of storms
 I - a phial of floods
 J - a sack of spiders
 S - a fan of gales
Comestibles
 e - 4 bread rations
 k - 36 fruits
 m - 2 meat rations


You had 19 spell levels left.
You didn't know any spells.


   Skills:
 O Level 27 Fighting
 + Level 12.3 Long Blades
 O Level 27 Axes
 + Level 24.2 Armour
 O Level 27 Dodging
 + Level 24.2 Shields
 - Level 11.2 Invocations
 O Level 27 Evocations

Dungeon Overview and Level Annotations

Branches:
Dungeon (1/1)

Altars:
Ashenzari
Cheibriados
Dithmenos
Elyvilon
Fedhas
Gozag
Kikubaaqudgha
Makhleb
Nemelex Xobeh
Okawaru
Qazlal
Ru
Sif Muna
Trog
Vehumet
Xom
Yredelemnul
Zin
The Shining One
Beogh
Jiyva
Lugonu

Vault maps used:
D:        sprint_v

Vault maps used:
D:        sprint_v
There     were no monsters in sight!


Message History

Found a staircase leading out of the dungeon.
You hit the sea snake. You closely miss the raiju.
The raiju bursts into living lightning!
The living lightning misses you.
The raiju blinks!
You block the sea snake's attack.
PANG!
You slice the sea snake like a ripe choko!!!
You kill the sea snake!
Makhleb accepts your kill.
Your crystal plate armour prevents you from hitting the griffon.
You slice the raiju!! You hit the raiju.
You kill the raiju!
Makhleb accepts your kill.
You completely miss the griffon. You block the griffon's attack.
PTOANNNG!
You block the griffon's attack.
PANG!
The griffon claws you but does no damage.
You slice the griffon!! You block the griffon's attack.
SHROANNG!
You block the griffon's attack.
GONNNNG!
You block the griffon's attack.
GONNNNG!
You hit the griffon but do no damage. You block the griffon's attack.
GONNNNG!
The griffon barely misses you. You block the griffon's attack.
BOUMMMMG!
You completely miss the griffon. You slice the griffon!!
You block the griffon's attack.
GONNNNG!
The griffon pecks you.
The griffon claws you but does no damage.
You slash the griffon!
You feel better. The griffon misses you.
The griffon pecks you but does no damage.
The griffon claws you but does no damage.
You hit the griffon but do no damage. You cut the griffon into ribbons!!!!
You kill the griffon!
Makhleb accepts your kill.
You see here a griffon corpse.
You see here the Orb of Zot.
You pick up the Orb of Zot!
The Orb lets out a hideous shriek!
The lords of Pandemonium are not amused.
Beware!
Now all you have to do is get back out of the dungeon!
There is a staircase leading out of the dungeon here.
You can't go down here!
There is a staircase leading out of the dungeon here.
You have escaped!

Action                   |  1- 3 |  4- 6 |  7- 9 | 10-12 | 13-15 | 16-18 | 19-21 || total
-------------------------+-------+-------+-------+-------+-------+-------+-------++-------
Melee: Executioner's axe |     2 |     8 |    54 |     6 |       |       |       ||    70
       Battleaxe         |       |       |       |   109 |   306 |   332 |   252 ||   999
Invok: Lesser Servant of |       |       |     1 |       |       |       |       ||     1
Evoke: Wand              |     1 |     1 |     1 |       |       |       |       ||     3
       Lamp of fire      |       |       |     1 |     1 |       |     2 |       ||     4
       Phial of floods   |       |       |     1 |     1 |       |       |       ||     2
       Disc of storms    |       |       |       |       |       |     3 |       ||     3
       Box of beasts     |       |       |       |       |       |     2 |       ||     2
  Use: Potion            |     1 |       |     4 |     5 |     2 |     4 |       ||    16
       Scroll            |       |       |       |     4 |     5 |    11 |     1 ||    21
  Eat: Royal jelly       |       |       |       |     3 |       |     3 |       ||     6
       Meat ration       |       |       |       |       |     1 |     1 |       ||     2
       Fruit             |       |       |       |       |       |     6 |       ||     6
       Bread ration      |       |       |       |       |       |       |     1 ||     1

Notes
Turn   | Place    | Note
--------------------------------------------------------------
     0 | D        | hexophile the Formicid Fighter began the quest for the Orb.
     0 | D        | Reached XP level 1. HP: 18/18 MP: 1/1
     0 | D        | Found an iron altar of Okawaru.
     0 | D        | Found a radiant altar of Vehumet.
     0 | D        | Found a burning altar of Makhleb.
     0 | D        | Found a shimmering altar of Xom.
     0 | D        | Found a deep blue altar of Sif Muna.
     8 | D        | Banished a spatial maelstrom
    15 | D        | Found a white marble altar of Elyvilon.
    15 | D        | Found a corrupted altar of Lugonu.
    15 | D        | Found a sparkling altar of Nemelex Xobeh.
    15 | D        | Found a roughly hewn altar of Beogh.
    15 | D        | Found a bloodstained altar of Trog.
    15 | D        | Found a viscous altar of Jiyva.
    57 | D        | Reached skill level 7 in Axes
    57 | D        | Reached XP level 2. HP: 24/24 MP: 2/2
   101 | D        | Became a worshipper of Makhleb the Destroyer
   119 | D        | Entered arena 1.
   119 | D        | Noticed a black bear
   119 | D        | Noticed a black bear
   122 | D        | Killed a black bear
   122 | D        | Reached skill level 10 in Axes
   122 | D        | Reached XP level 3. HP: 25/29 MP: 3/3
   122 | D        | Reached XP level 4. HP: 30/35 MP: 4/4
   123 | D        | Killed a black bear
   123 | D        | Acquired Makhleb's first power
   123 | D        | Reached skill level 11 in Axes
   123 | D        | Reached XP level 5. HP: 41/41 MP: 5/5
   192 | D        | Entered arena 2.
   192 | D        | Noticed a jelly
   192 | D        | Noticed a jelly
   192 | D        | Noticed a jelly
   196 | D        | Killed a jelly
   196 | D        | Reached skill level 12 in Axes
   196 | D        | Reached XP level 6. HP: 47/47 MP: 6/6
   197 | D        | Killed a jelly
   198 | D        | Killed a jelly
   198 | D        | Acquired Makhleb's second power
   198 | D        | Reached skill level 13 in Axes
   204 | D        | Entered arena 3.
   204 | D        | Noticed a porcupine
   204 | D        | Noticed a yak
   204 | D        | Noticed a porcupine
   204 | D        | Noticed a wolf
   208 | D        | Killed a wolf
   208 | D        | Reached skill level 14 in Axes
   208 | D        | Reached XP level 7. HP: 48/52 MP: 7/7
   208 | D        | Killed a porcupine
   209 | D        | Killed a porcupine
   209 | D        | Acquired Makhleb's third power
   209 | D        | Reached skill level 15 in Axes
   216 | D        | Killed a yak
   216 | D        | Reached XP level 8. HP: 58/58 MP: 8/8
   226 | D        | Entered arena 4.
   226 | D        | Noticed a tarantella
   226 | D        | Noticed a scorpion
   226 | D        | Noticed a scorpion
   226 | D        | Noticed a scorpion
   234 | D        | Killed a scorpion
   234 | D        | Reached skill level 1 in Invocations
   236 | D        | Killed a scorpion
   236 | D        | Acquired Makhleb's fourth power
   245 | D        | Killed a scorpion
   245 | D        | HP: 2/60 [tarantella (9)]
   259 | D        | Killed a tarantella
   259 | D        | Reached skill level 16 in Axes
   259 | D        | Reached skill level 5 in Shields
   418 | D        | Entered arena 5.
   418 | D        | Noticed a naga
   422 | D        | Killed a naga
   422 | D        | Acquired Makhleb's fifth power
   422 | D        | Reached skill level 5 in Fighting
   547 | D        | Entered arena 6.
   547 | D        | Noticed an orc wizard
   547 | D        | Noticed an orc wizard
   547 | D        | Noticed an orc warrior
   547 | D        | Noticed an orc warrior
   547 | D        | Noticed an orc wizard
   547 | D        | Noticed an orc warrior
   549 | D        | Killed an orc wizard
   550 | D        | Killed an orc wizard
   554 | D        | Killed an orc warrior
   554 | D        | Reached skill level 5 in Invocations
   554 | D        | Killed an orc warrior
   554 | D        | Reached XP level 9. HP: 67/69 MP: 11/13
   556 | D        | Killed an orc wizard
   556 | D        | Killed an orc warrior
   581 | D        | Got the +5 halberd of Zanaik {vamp, MR+ Int+4}
   588 | D        | Entered arena 7.
   588 | D        | Noticed a crimson imp
   588 | D        | Noticed a quasit
   588 | D        | Noticed a quasit
   595 | D        | Killed a quasit
   596 | D        | Killed a quasit
   597 | D        | Killed a crimson imp
   604 | D        | Got the ring "Tenk" {rC+ Str+3}
   613 | D        | Got the amulet of the Harvest {Spirit +Fly rF- rC+++ MP+9}
   621 | D        | Entered arena 8.
   621 | D        | Noticed a deep elf fighter
   621 | D        | Noticed a golden eye
   621 | D        | Noticed a deep elf fighter
   621 | D        | Noticed a wolf spider
   621 | D        | Noticed a deep elf knight
   621 | D        | Noticed a deep elf summoner
   621 | D        | Noticed a deep elf priest
   623 | D        | a golden eye changed into a human
   624 | D        | Noticed an eye of devastation
   624 | D        | a wolf spider changed into an eye of devastation
   625 | D        | Noticed a cyclops
   625 | D        | an eye of devastation changed into a cyclops
   625 | D        | Noticed a faun
   625 | D        | a cyclops changed into a faun
   630 | D        | Killed a deep elf knight
   631 | D        | Killed a deep elf summoner
   631 | D        | Reached skill level 10 in Shields
   631 | D        | Reached XP level 10. HP: 81/83 MP: 13/16
   631 | D        | Killed a deep elf fighter
   632 | D        | Killed a deep elf priest
   635 | D        | Killed a faun
   635 | D        | Reached skill level 10 in Invocations
   637 | D        | Killed a deep elf fighter
   637 | D        | Reached skill level 10 in Fighting
   641 | D        | Got the +7 battleaxe of the Morning {vamp, +Fly MR- Dex+4}
   676 | D        | Entered arena 9.
   676 | D        | Noticed a crimson imp
   676 | D        | Noticed a freezing wraith
   676 | D        | Noticed an iron imp
   676 | D        | Noticed a quasit
   676 | D        | Noticed an iron imp
   680 | D        | Killed a quasit
   681 | D        | Killed a crimson imp
   682 | D        | Killed a freezing wraith
   685 | D        | Killed an iron imp
   686 | D        | Killed an iron imp
   704 | D        | Entered arena 10.
   704 | D        | Noticed a naga mage
   704 | D        | Noticed a water moccasin
   704 | D        | Noticed a water moccasin
   704 | D        | Noticed a naga
   715 | D        | Killed a water moccasin
   717 | D        | Killed a water moccasin
   718 | D        | Killed a naga
   729 | D        | Killed a naga mage
   729 | D        | Reached skill level 17 in Axes
   751 | D        | Entered arena 11.
   751 | D        | Noticed a necrophage
   752 | D        | Noticed a necrophage
   757 | D        | Killed a necrophage
   758 | D        | Killed a necrophage
   774 | D        | Entered arena 12.
   774 | D        | Noticed an iron imp
   774 | D        | Noticed a green death
   775 | D        | Noticed a flying skull
   775 | D        | Noticed a blizzard demon
   775 | D        | Noticed a small abomination
   776 | D        | Noticed a quasit
   778 | D        | Noticed a large abomination
   779 | D        | Noticed a neqoxec
   782 | D        | Killed a small abomination
   782 | D        | Reached skill level 5 in Armour
   784 | D        | Killed a quasit
   786 | D        | Killed a flying skull
   790 | D        | Killed a blizzard demon
   790 | D        | Reached XP level 11. HP: 33/93 MP: 19/19
   790 | D        | Gained mutation: You can spit weak poison. [a neqoxec]
   791 | D        | Killed a large abomination
   793 | D        | Killed a neqoxec
   794 | D        | Killed an iron imp
   796 | D        | Killed a green death
   828 | D        | Got the amulet "Cunyp" {Spirit rC+ Dex+2}
   912 | D        | Entered arena 13.
   913 | D        | Noticed an earth elemental
   913 | D        | Noticed a stone giant
   913 | D        | Noticed a quicksilver dragon
   913 | D        | Noticed a quicksilver dragon
   913 | D        | Noticed an earth elemental
   913 | D        | Noticed a stone giant
   914 | D        | Noticed an iron golem
   916 | D        | Noticed a gargoyle
   916 | D        | Noticed an earth elemental
   922 | D        | Noticed a quicksilver dragon
   922 | D        | Noticed a gargoyle
   925 | D        | Killed a quicksilver dragon
   925 | D        | Reached skill level 18 in Axes
   925 | D        | Reached skill level 15 in Shields
   926 | D        | Killed a gargoyle
   929 | D        | Killed a quicksilver dragon
   929 | D        | Reached skill level 10 in Armour
   929 | D        | Reached XP level 12. HP: 103/105 MP: 20/20
   933 | D        | Killed an earth elemental
   936 | D        | Killed a quicksilver dragon
   941 | D        | Noticed an iron golem
   942 | D        | Killed an iron golem
   943 | D        | Killed a gargoyle
   946 | D        | Killed a stone giant
   952 | D        | Killed an earth elemental
   954 | D        | Killed an iron golem
   957 | D        | Killed an earth elemental
   965 | D        | Killed a stone giant
   965 | D        | Reached skill level 19 in Axes
   990 | D        | Entered arena 14.
   991 | D        | Noticed a wind drake
   991 | D        | Noticed a wind drake
   991 | D        | Noticed an insubstantial wisp
   991 | D        | Noticed a wind drake
   991 | D        | Noticed a titan
   991 | D        | Noticed a storm dragon
   992 | D        | Noticed an air elemental
   992 | D        | Noticed a storm dragon
   992 | D        | Noticed a storm dragon
   992 | D        | Noticed a wind drake
   993 | D        | Noticed a wind drake
   993 | D        | Noticed a storm dragon
  1000 | D        | Killed an air elemental
  1002 | D        | Noticed an air elemental
  1005 | D        | Killed a wind drake
  1009 | D        | Killed a titan
  1009 | D        | Reached skill level 15 in Fighting
  1010 | D        | Killed a storm dragon
  1010 | D        | Reached XP level 13. HP: 116/116 MP: 21/21
  1013 | D        | Killed an air elemental
  1015 | D        | Killed an insubstantial wisp
  1015 | D        | Killed a storm dragon
  1019 | D        | Killed a storm dragon
  1020 | D        | Killed a wind drake
  1022 | D        | Killed a wind drake
  1022 | D        | Reached skill level 20 in Shields
  1023 | D        | Killed a wind drake
  1026 | D        | Killed a wind drake
  1028 | D        | Killed a storm dragon
  1039 | D        | Got the ring of Xom's Regard {rF++ rC- MR+ SInv Stlth+}
  1199 | D        | Entered arena 15.
  1200 | D        | Noticed an earth elemental
  1200 | D        | Noticed a crystal guardian
  1200 | D        | Noticed an earth elemental
  1200 | D        | Noticed a crystal guardian
  1200 | D        | Noticed a quicksilver dragon
  1200 | D        | Noticed a crystal guardian
  1200 | D        | Noticed an iron golem
  1201 | D        | Noticed a gargoyle
  1201 | D        | Noticed an iron golem
  1201 | D        | Noticed an iron golem
  1202 | D        | Noticed an earth elemental
  1203 | D        | Noticed a crystal guardian
  1203 | D        | Noticed an iron golem
  1205 | D        | Noticed an earth elemental
  1211 | D        | Killed a crystal guardian
  1219 | D        | Killed a crystal guardian
  1221 | D        | Killed a gargoyle
  1226 | D        | Killed a crystal guardian
  1228 | D        | Killed a quicksilver dragon
  1229 | D        | Killed an earth elemental
  1229 | D        | Killed an earth elemental
  1233 | D        | Killed an earth elemental
  1249 | D        | Killed an iron golem
  1250 | D        | Killed an iron golem
  1250 | D        | Reached skill level 15 in Armour
  1254 | D        | Killed an earth elemental
  1266 | D        | Killed an iron golem
  1266 | D        | Reached skill level 21 in Shields
  1272 | D        | Killed an iron golem
  1272 | D        | Reached XP level 14. HP: 88/128 MP: 4/22
  1293 | D        | Killed a crystal guardian
  1437 | D        | Entered arena 16.
  1446 | D        | Noticed a soul eater
  1447 | D        | Noticed a ghoul
  1453 | D        | Killed a soul eater
  1453 | D        | Reached skill level 1 in Evocations
  1460 | D        | Killed a ghoul
  1470 | D        | Got the ring of Arrival {*Corrode rPois rN+ Int+4 SInv}
  1473 | D        | Got the ring "Qoiceph" {+Fly rF++ rN+ Int+3}
  1483 | D        | Got a ring of the Octopus King {SustAt AC+1 EV+1 Str+1 Int+1 Dex+1}
  1498 | D        | Entered arena 17.
  1506 | D        | Noticed a vault guard
  1506 | D        | Noticed a shadow dragon
  1506 | D        | Noticed a yaktaur
  1506 | D        | Noticed a vault guard
  1506 | D        | Noticed a vault guard
  1506 | D        | Noticed a vault guard
  1506 | D        | Noticed a vault guard
  1507 | D        | Noticed a vault guard
  1507 | D        | Noticed a vault guard
  1507 | D        | Noticed a lich
  1507 | D        | Noticed a stone giant
  1507 | D        | Noticed a stone giant
  1508 | D        | Noticed a vault guard
  1509 | D        | Noticed a shadow dragon
  1512 | D        | Noticed a vault guard
  1512 | D        | Noticed a vault guard
  1513 | D        | Noticed a vault guard
  1515 | D        | Killed a vault guard
  1516 | D        | Noticed a vault guard
  1519 | D        | Killed a vault guard
  1520 | D        | Noticed a Brimstone Fiend
  1523 | D        | Noticed a balrug
  1527 | D        | Killed a Brimstone Fiend
  1528 | D        | Killed a vault guard
  1530 | D        | Killed a vault guard
  1530 | D        | Reached skill level 5 in Evocations
  1531 | D        | Noticed a tentacled monstrosity
  1533 | D        | Killed a shadow dragon
  1533 | D        | Killed a lich
  1538 | D        | Killed a vault guard
  1538 | D        | Reached skill level 22 in Axes
  1541 | D        | Killed a stone giant
  1543 | D        | Killed a vault guard
  1544 | D        | Killed a vault guard
  1551 | D        | Killed a vault guard
  1553 | D        | Killed a vault guard
  1556 | D        | Killed a vault guard
  1557 | D        | Killed a vault guard
  1559 | D        | Killed a vault guard
  1563 | D        | Killed a yaktaur
  1568 | D        | Killed a stone giant
  1568 | D        | Reached skill level 23 in Axes
  1569 | D        | Killed a shadow dragon
  1569 | D        | Reached skill level 10 in Evocations
  1569 | D        | Reached XP level 15. HP: 139/139 MP: 14/23
  1645 | D        | Entered arena 18.
  1653 | D        | Noticed a spriggan berserker
  1653 | D        | Noticed a dire elephant
  1653 | D        | Noticed a dire elephant
  1653 | D        | Noticed a shambling mangrove
  1653 | D        | Noticed a dryad
  1653 | D        | Noticed an anaconda
  1654 | D        | Noticed a wind drake
  1654 | D        | Noticed a satyr
  1654 | D        | Noticed a spriggan berserker
  1654 | D        | Noticed a spriggan berserker
  1654 | D        | Noticed a yak
  1654 | D        | Noticed a thorn hunter
  1654 | D        | Noticed a spriggan berserker
  1654 | D        | Noticed a faun
  1655 | D        | Noticed a dire elephant
  1658 | D        | Noticed a spriggan defender
  1658 | D        | Noticed a spriggan druid
  1659 | D        | Killed an anaconda
  1662 | D        | Noticed a spriggan rider
  1671 | D        | Killed a dire elephant
  1673 | D        | Killed a spriggan berserker
  1677 | D        | Killed a thorn hunter
  1684 | D        | Killed a spriggan defender
  1685 | D        | Killed a dire elephant
  1688 | D        | Killed a spriggan
  1690 | D        | Killed a wasp
  1695 | D        | Killed a spriggan berserker
  1698 | D        | Killed a spriggan berserker
  1699 | D        | Noticed an oklob plant
  1701 | D        | Killed a yak
  1703 | D        | Killed a spriggan druid
  1704 | D        | Killed a dryad
  1707 | D        | Killed a wind drake
  1708 | D        | Killed a shambling mangrove
  1708 | D        | Killed a dire elephant
  1713 | D        | Killed a spriggan berserker
  1719 | D        | Killed a faun
  1736 | D        | Killed a satyr
  1757 | D        | Killed an oklob plant
  1768 | D        | Got the +1 pair of boots of the Duchess {rN+ rCorr Str+4 Int+3}
  1881 | D        | Entered arena 19.
  1890 | D        | Noticed a vampire
  1890 | D        | Noticed a vampire
  1890 | D        | Noticed a vampire knight
  1890 | D        | Noticed a vampire knight
  1890 | D        | Noticed a wight
  1891 | D        | Noticed a vampire mage
  1891 | D        | Noticed a vampire mage
  1891 | D        | Noticed a vampire
  1891 | D        | Noticed a skeletal warrior
  1892 | D        | Noticed a vampire
  1893 | D        | Noticed a wight
  1894 | D        | Noticed a shadow
  1896 | D        | Killed a vampire
  1897 | D        | Killed a vampire
  1901 | D        | Noticed a necromancer
  1902 | D        | Killed a vampire
  1902 | D        | Killed a vampire mage
  1903 | D        | Killed a vampire
  1904 | D        | Noticed a vampire mage
  1905 | D        | Noticed a necromancer
  1905 | D        | Killed a vampire knight
  1905 | D        | Reached skill level 24 in Axes
  1908 | D        | Noticed a wight
  1908 | D        | Killed a skeletal warrior
  1908 | D        | Killed a shadow
  1909 | D        | Killed a vampire mage
  1909 | D        | Killed a wight
  1910 | D        | Killed a wight
  1915 | D        | Killed a necromancer
  1917 | D        | Killed a necromancer
  1917 | D        | Killed a wight
  1924 | D        | Killed a vampire mage
  1931 | D        | Killed a vampire knight
  1964 | D        | Entered arena 20.
  1968 | D        | Noticed a deep elf conjurer
  1968 | D        | Noticed a deep elf annihilator
  1968 | D        | Noticed a deep elf fighter
  1969 | D        | Noticed an orc high priest
  1969 | D        | Noticed a deep elf master archer
  1969 | D        | Noticed a deep elf blademaster
  1969 | D        | Noticed a deep elf mage
  1969 | D        | Noticed a deep elf blademaster
  1969 | D        | Noticed a deep elf blademaster
  1969 | D        | Noticed a deep elf blademaster
  1969 | D        | Noticed a deep elf blademaster
  1969 | D        | Noticed a deep elf conjurer
  1969 | D        | Noticed a deep elf fighter
  1969 | D        | Noticed a deep elf priest
  1969 | D        | Noticed a deep elf knight
  1969 | D        | Noticed a deep elf mage
  1970 | D        | Noticed a deep elf conjurer
  1970 | D        | Noticed a deep elf annihilator
  1970 | D        | Noticed a deep elf conjurer
  1970 | D        | Noticed a deep elf mage
  1970 | D        | Noticed a deep elf sorcerer
  1970 | D        | Noticed a deep elf high priest
  1970 | D        | Noticed a deep elf high priest
  1970 | D        | Noticed a deep elf sorcerer
  1971 | D        | Noticed a deep elf master archer
  1973 | D        | Killed a deep elf conjurer
  1978 | D        | Killed a deep elf mage
  1980 | D        | Killed a deep elf blademaster
  1982 | D        | Killed a deep elf blademaster
  1982 | D        | Killed a deep elf master archer
  1983 | D        | Killed a deep elf conjurer
  1984 | D        | Killed a deep elf knight
  1986 | D        | Killed a deep elf conjurer
  1987 | D        | Killed a deep elf blademaster
  1987 | D        | Reached XP level 16. HP: 116/152 MP: 4/27
  1988 | D        | Killed a deep elf annihilator
  1988 | D        | Killed a deep elf blademaster
  1988 | D        | Reached skill level 15 in Evocations
  1989 | D        | Killed a deep elf blademaster
  1990 | D        | Killed a deep elf mage
  1993 | D        | Killed a deep elf priest
  1993 | D        | Killed a deep elf master archer
  1995 | D        | Killed a deep elf conjurer
  1997 | D        | Killed a deep elf mage
  1997 | D        | Reached skill level 25 in Axes
  2000 | D        | HP: 6/154 [small abomination[a deep elf priest] (12)]
  2003 | D        | Killed a deep elf sorcerer
  2003 | D        | Killed a deep elf annihilator
  2003 | D        | Killed a deep elf fighter
  2009 | D        | Killed a deep elf high priest
  2019 | D        | Killed a deep elf fighter
  2023 | D        | Killed an orc high priest
  2028 | D        | Killed a deep elf high priest
  2033 | D        | Killed a deep elf sorcerer
  2036 | D        | Got the ring "Orhet" {rElec rPois rF- rC+ AC+2}
  2172 | D        | Entered arena 21.
  2180 | D        | Noticed a hornet
  2180 | D        | Noticed a hornet
  2180 | D        | Noticed a tarantella
  2180 | D        | Noticed a wasp
  2181 | D        | Noticed a trapdoor spider
  2181 | D        | Noticed a jumping spider
  2181 | D        | Noticed a trapdoor spider
  2181 | D        | Noticed a moth of wrath
  2181 | D        | Noticed a wolf spider
  2181 | D        | Noticed an entropy weaver
  2181 | D        | Noticed a wasp
  2181 | D        | Noticed a wasp
  2181 | D        | Noticed a hornet
  2182 | D        | Noticed a wasp
  2182 | D        | Noticed a jumping spider
  2182 | D        | Noticed a trapdoor spider
  2182 | D        | Noticed a moth of wrath
  2182 | D        | Noticed a tarantella
  2182 | D        | Noticed a hornet
  2183 | D        | Noticed a wolf spider
  2184 | D        | Killed a moth of wrath
  2185 | D        | Noticed a demonic crawler
  2185 | D        | Noticed a jumping spider
  2185 | D        | Killed a trapdoor spider
  2185 | D        | Killed a tarantella
  2185 | D        | Killed a wasp
  2187 | D        | Killed a hornet
  2187 | D        | Killed a jumping spider
  2188 | D        | Noticed a hornet
  2189 | D        | Killed a wasp
  2189 | D        | Killed a hornet
  2190 | D        | Noticed a moth of wrath
  2190 | D        | Noticed a spider
  2190 | D        | Noticed a demonic crawler
  2190 | D        | Killed a hornet
  2191 | D        | Noticed a demonic crawler
  2191 | D        | Noticed a jumping spider
  2191 | D        | Killed a trapdoor spider
  2192 | D        | Noticed a wolf spider
  2192 | D        | Killed a moth of wrath
  2192 | D        | Killed a wasp
  2192 | D        | Killed a spider
  2192 | D        | Killed a wasp
  2193 | D        | Killed a jumping spider
  2193 | D        | Killed a wolf spider
  2193 | D        | Killed a hornet
  2194 | D        | Killed a trapdoor spider
  2195 | D        | Killed a tarantella
  2195 | D        | Killed a wolf spider
  2197 | D        | Killed a hornet
  2200 | D        | Killed a demonic crawler
  2200 | D        | Killed a moth of wrath
  2202 | D        | Killed an entropy weaver
  2202 | D        | Killed a wolf spider
  2205 | D        | Killed a demonic crawler
  2205 | D        | Killed a jumping spider
  2206 | D        | Killed a demonic crawler
  2209 | D        | Killed a jumping spider
  2216 | D        | Got the cursed ring of Arrival {rPois rF++ Slay-2 Stlth-}
  2307 | D        | Entered arena 22.
  2318 | D        | Noticed a slime creature
  2318 | D        | Noticed a slime creature
  2318 | D        | Noticed a shining eye
  2318 | D        | Noticed a slime creature
  2318 | D        | Noticed a slime creature
  2319 | D        | Noticed an eye of devastation
  2319 | D        | Noticed a slime creature
  2319 | D        | Noticed a death ooze
  2319 | D        | Noticed an azure jelly
  2319 | D        | Noticed a slime creature
  2323 | D        | Killed a slime creature
  2326 | D        | Killed a death ooze
  2326 | D        | Reached skill level 1 in Dodging
  2327 | D        | Noticed a slime creature
  2327 | D        | Noticed a death ooze
  2327 | D        | Noticed an azure jelly
  2327 | D        | Noticed an acid blob
  2327 | D        | Noticed an azure jelly
  2327 | D        | Noticed a slime creature
  2328 | D        | Noticed a slime creature
  2328 | D        | Noticed a golden eye
  2329 | D        | Noticed a slime creature
  2330 | D        | Noticed a slime creature
  2330 | D        | Noticed a death ooze
  2331 | D        | Noticed a great orb of eyes
  2331 | D        | Noticed a slime creature
  2331 | D        | Noticed a death ooze
  2332 | D        | Noticed a death ooze
  2333 | D        | Noticed a slime creature
  2334 | D        | Noticed an acid blob
  2334 | D        | Noticed an azure jelly
  2335 | D        | Noticed a slime creature
  2335 | D        | Noticed an acid blob
  2335 | D        | Noticed a slime creature
  2335 | D        | Killed a slime creature
  2335 | D        | Killed a slime creature
  2335 | D        | Gained mutation: Your system is resistant to poisons. [a shining eye]
  2335 | D        | Killed a shining eye
  2337 | D        | Noticed a jelly
  2338 | D        | Killed a death ooze
  2338 | D        | Killed a golden eye
  2338 | D        | Killed a death ooze
  2338 | D        | Killed an acid blob
  2338 | D        | Killed a death ooze
  2339 | D        | Noticed an azure jelly
  2340 | D        | Killed an azure jelly
  2340 | D        | Killed a death ooze
  2340 | D        | Reached skill level 26 in Axes
  2343 | D        | Killed a slime creature
  2343 | D        | Reached skill level 5 in Dodging
  2344 | D        | Killed an azure jelly
  2344 | D        | Reached XP level 17. HP: 163/165 MP: 30/30
  2346 | D        | Killed an azure jelly
  2348 | D        | Killed an acid blob
  2351 | D        | Killed an acid blob
  2352 | D        | Killed a great orb of eyes
  2354 | D        | Killed an azure jelly
  2355 | D        | Killed an azure jelly
  2355 | D        | Killed a jelly
  2358 | D        | Killed a large slime creature
  2359 | D        | Killed a slime creature
  2360 | D        | Killed a large slime creature
  2362 | D        | Killed a slime creature
  2363 | D        | Killed a slime creature
  2363 | D        | Killed a slime creature
  2364 | D        | Killed a very large slime creature
  2365 | D        | Killed an eye of devastation
  2372 | D        | Got the ring "Tovunofy" {+Blink rC+ Str-3 Stlth+}
  2434 | D        | Entered arena 23.
  2447 | D        | Noticed a water elemental
  2447 | D        | Noticed a merfolk javelineer
  2447 | D        | Noticed a merfolk impaler
  2447 | D        | Noticed a merfolk avatar
  2447 | D        | Noticed a satyr
  2447 | D        | Noticed a merfolk aquamancer
  2447 | D        | Noticed a water nymph
  2447 | D        | Noticed a merfolk aquamancer
  2447 | D        | Noticed a merfolk javelineer
  2448 | D        | Noticed a harpy
  2448 | D        | Noticed a merfolk impaler
  2449 | D        | Noticed a merfolk javelineer
  2449 | D        | Noticed a merfolk javelineer
  2450 | D        | Noticed a merfolk javelineer
  2450 | D        | Noticed a water elemental
  2450 | D        | Noticed a water nymph
  2450 | D        | Noticed a merfolk aquamancer
  2450 | D        | Killed a water elemental
  2450 | D        | Killed a satyr
  2451 | D        | Noticed a merfolk javelineer
  2451 | D        | Noticed a water elemental
  2453 | D        | Noticed a merfolk javelineer
  2453 | D        | Noticed a merfolk impaler
  2453 | D        | Noticed a merfolk avatar
  2453 | D        | Noticed a water nymph
  2453 | D        | Killed a water nymph
  2454 | D        | Noticed a merfolk impaler
  2454 | D        | Noticed a merfolk
  2454 | D        | Noticed a water nymph
  2454 | D        | Noticed a merfolk impaler
  2454 | D        | Killed a water elemental
  2455 | D        | Noticed a water elemental
  2455 | D        | Noticed a merfolk impaler
  2455 | D        | Killed a harpy
  2456 | D        | Noticed a merfolk aquamancer
  2457 | D        | Killed a merfolk impaler
  2458 | D        | Noticed a cyclops
  2459 | D        | Killed a merfolk javelineer
  2460 | D        | Noticed a kraken
  2463 | D        | Killed a merfolk aquamancer
  2463 | D        | Killed a merfolk aquamancer
  2464 | D        | Killed a merfolk javelineer
  2465 | D        | Killed a merfolk javelineer
  2468 | D        | Killed a water elemental
  2468 | D        | Killed a merfolk impaler
  2468 | D        | Killed a merfolk aquamancer
  2470 | D        | Killed a water nymph
  2471 | D        | Noticed a kraken
  2473 | D        | Killed a merfolk aquamancer
  2473 | D        | Killed a water nymph
  2475 | D        | Killed a merfolk impaler
  2476 | D        | Killed a merfolk impaler
  2476 | D        | Reached skill level 10 in Dodging
  2476 | D        | Killed a merfolk javelineer
  2476 | D        | Killed a water elemental
  2476 | D        | Killed a water nymph
  2478 | D        | Killed a merfolk javelineer
  2478 | D        | Reached skill level 27 in Axes
  2479 | D        | Killed a cyclops
  2483 | D        | Killed a merfolk javelineer
  2487 | D        | Killed a merfolk impaler
  2487 | D        | Killed a kraken
  2492 | D        | Killed a merfolk javelineer
  2493 | D        | Killed a merfolk
  2503 | D        | Killed a kraken
  2512 | D        | Killed a merfolk impaler
  2520 | D        | Killed a merfolk avatar
  2529 | D        | Killed a merfolk avatar
  2543 | D        | Got the ring of the Forsaken Beds {Dex+4 Stlth+}
  2549 | D        | Noticed a kraken
  2560 | D        | Killed a kraken
  2565 | D        | Got the amulet of Xom's Whimsicality {Inacc +Blink rC- rN++ MR-}
  2604 | D        | Entered arena 24.
  2612 | D        | Noticed a balrug
  2613 | D        | Noticed a neqoxec
  2613 | D        | Noticed Nuent the pandemonium lord
  2613 | D        | Noticed an orange demon
  2614 | D        | Noticed a neqoxec
  2614 | D        | Noticed a large abomination
  2614 | D        | Noticed a sixfirhy
  2614 | D        | Noticed a thrashing horror
  2614 | D        | Noticed a small abomination
  2614 | D        | Noticed a rakshasa
  2614 | D        | Noticed a large abomination
  2614 | D        | Noticed a freezing wraith
  2615 | D        | Noticed a sixfirhy
  2615 | D        | Noticed a brain worm
  2615 | D        | Noticed a large abomination
  2616 | D        | Noticed a vampire mage
  2617 | D        | Noticed a large abomination
  2617 | D        | Noticed a thrashing horror
  2618 | D        | Noticed a guardian serpent
  2619 | D        | Noticed a tentacled starspawn
  2619 | D        | Noticed a large abomination
  2619 | D        | Noticed a neqoxec
  2619 | D        | Noticed a thrashing horror
  2619 | D        | Noticed a guardian serpent
  2620 | D        | Killed a brain worm
  2621 | D        | Noticed a small abomination
  2621 | D        | Killed a guardian serpent
  2621 | D        | Killed a large abomination
  2622 | D        | Killed a sixfirhy
  2623 | D        | Killed a thrashing horror
  2624 | D        | Noticed a large abomination
  2624 | D        | Noticed a neqoxec
  2624 | D        | Killed a balrug
  2625 | D        | Noticed a tentacled starspawn
  2625 | D        | Killed a small abomination
  2626 | D        | Noticed a trapdoor spider
  2627 | D        | Killed a neqoxec
  2628 | D        | Noticed a wretched star
  2628 | D        | Killed a thrashing horror
  2628 | D        | Killed a large abomination
  2628 | D        | Killed a thrashing horror
  2628 | D        | Killed a neqoxec
  2628 | D        | Killed an orange demon
  2630 | D        | Noticed a starcursed mass
  2630 | D        | Noticed a small abomination
  2631 | D        | Noticed a quasit
  2632 | D        | Noticed a small abomination
  2632 | D        | Killed a large abomination
  2634 | D        | Killed a neqoxec
  2634 | D        | Killed a freezing wraith
  2634 | D        | Killed a large abomination
  2635 | D        | Noticed a small abomination
  2636 | D        | Noticed a large abomination
  2636 | D        | Noticed a thrashing horror
  2636 | D        | Killed a thrashing horror
  2637 | D        | Killed a small abomination
  2637 | D        | Killed a sixfirhy
  2637 | D        | Killed a tentacled starspawn
  2637 | D        | Killed a balrug
  2637 | D        | Reached XP level 18. HP: 108/179 MP: 2/32
  2638 | D        | Killed a wretched star
  2638 | D        | Killed a large abomination
  2639 | D        | Killed a quasit
  2639 | D        | Killed a guardian serpent
  2639 | D        | Killed a small abomination
  2640 | D        | Killed a tentacled starspawn
  2640 | D        | Killed a trapdoor spider
  2641 | D        | Killed a large abomination
  2642 | D        | Killed a small abomination
  2642 | D        | Killed a starcursed mass
  2644 | D        | Killed a thrashing horror
  2644 | D        | Killed a vampire mage
  2645 | D        | Killed Nuent the pandemonium lord
  2647 | D        | Killed a rakshasa
  2649 | D        | Killed a small abomination
  2649 | D        | Killed a neqoxec
  2649 | D        | Killed a starcursed mass
  2650 | D        | Killed a starcursed mass
  2650 | D        | Killed a starcursed mass
  2652 | D        | Killed a starcursed mass
  2655 | D        | Killed a large abomination
  2665 | D        | Got the ring "Xoix Dai" {+Inv rElec rF+ Str+3}
  2668 | D        | Got the ring of Budaiz Holee {rF+ MR+ AC+1}
  2703 | D        | Got the ring "Soarech" {Ice rN+ MP+9 Str+4 Dex-4}
  2770 | D        | Entered arena 25.
  2770 | D        | Noticed a vampire mage
  2770 | D        | Noticed a vampire mage
  2770 | D        | Noticed a vampire knight
  2770 | D        | Noticed a vampire mage
  2770 | D        | Noticed a vampire knight
  2770 | D        | Noticed a vampire knight
  2771 | D        | Noticed a wight
  2774 | D        | Noticed a vampire knight
  2774 | D        | Noticed a necrophage
  2776 | D        | Noticed a vampire knight
  2776 | D        | Noticed a vampire mage
  2776 | D        | Noticed a vampire knight
  2777 | D        | Killed a vampire knight
  2779 | D        | Noticed a vampire mage
  2779 | D        | Noticed a vampire
  2780 | D        | Noticed a wight
  2783 | D        | Noticed a wight
  2783 | D        | Killed a vampire mage
  2784 | D        | Noticed a necrophage
  2784 | D        | Killed a vampire knight
  2786 | D        | Killed a vampire knight
  2788 | D        | Killed a vampire mage
  2788 | D        | Reached skill level 27 in Fighting
  2790 | D        | Noticed a shadow
  2791 | D        | Noticed a shadow
  2792 | D        | Killed a necrophage
  2793 | D        | Noticed a necromancer
  2794 | D        | Noticed a ghoul
  2794 | D        | Noticed a shadow
  2796 | D        | Noticed a wight
  2797 | D        | Noticed a necromancer
  2797 | D        | Noticed a necromancer
  2797 | D        | Killed a vampire knight
  2797 | D        | Killed a vampire knight
  2797 | D        | Reached skill level 15 in Dodging
  2797 | D        | Killed a vampire
  2797 | D        | Noticed a necromancer
  2798 | D        | Noticed a necrophage
  2798 | D        | Noticed a ghoul
  2798 | D        | Noticed a necromancer
  2799 | D        | Noticed a lich
  2799 | D        | Noticed a necromancer
  2800 | D        | Noticed a necrophage
  2800 | D        | Killed a vampire knight
  2801 | D        | Noticed a necrophage
  2801 | D        | Noticed a shadow
  2801 | D        | Killed a vampire mage
  2802 | D        | Noticed an ancient lich
  2802 | D        | Noticed a shadow
  2802 | D        | Noticed a necromancer
  2802 | D        | Killed a shadow
  2803 | D        | Noticed a skeletal warrior
  2803 | D        | Noticed a shadow
  2803 | D        | Noticed a skeletal warrior
  2803 | D        | Killed a shadow
  2804 | D        | Killed a necromancer
  2805 | D        | Killed a wight
  2806 | D        | Noticed a wight
  2806 | D        | Noticed a ghoul
  2807 | D        | Killed a wight
  2808 | D        | Killed a vampire mage
  2809 | D        | Killed a necromancer
  2810 | D        | Killed a necromancer
  2812 | D        | Killed a wight
  2812 | D        | Killed a necromancer
  2813 | D        | Killed a shadow
  2814 | D        | Killed a necrophage
  2814 | D        | Killed a necromancer
  2815 | D        | Killed a wight
  2816 | D        | Killed a lich
  2818 | D        | Killed a necromancer
  2819 | D        | Killed a shadow
  2821 | D        | Killed a shadow
  2823 | D        | Killed a necrophage
  2824 | D        | Killed a ghoul
  2826 | D        | Killed a shadow
  2826 | D        | Killed a necrophage
  2831 | D        | Killed a ghoul
  2832 | D        | Killed a ghoul
  2834 | D        | Killed an ancient lich
  2834 | D        | Killed a necrophage
  2835 | D        | Killed a skeletal warrior
  2838 | D        | Killed a necromancer
  2843 | D        | Killed a skeletal warrior
  2844 | D        | Killed a wight
  2850 | D        | Killed a vampire mage
  2877 | D        | Got the ring "Miehikau" {+Inv rPois rN+ Dex-3}
  2877 | D        | Got the ring "Wafoh" {rPois rF+ MP+9 Str+6}
  2939 | D        | Entered arena 26.
  2941 | D        | Noticed a manticore
  2953 | D        | Killed a manticore
  2956 | D        | Noticed a mottled draconian
  2958 | D        | Noticed a black draconian
  2958 | D        | Noticed a purple draconian
  2959 | D        | Noticed a black draconian
  2959 | D        | Noticed a green draconian
  2959 | D        | Noticed a white draconian
  2959 | D        | Noticed a purple draconian
  2959 | D        | Noticed a red draconian
  2959 | D        | Noticed a black draconian
  2960 | D        | Noticed a purple draconian
  2960 | D        | Noticed a mottled draconian
  2960 | D        | Noticed a red draconian
  2961 | D        | Noticed a white draconian
  2961 | D        | Noticed a green draconian
  2961 | D        | Noticed a yellow draconian shifter
  2961 | D        | Noticed a mottled draconian zealot
  2961 | D        | Noticed a black draconian knight
  2961 | D        | Noticed a purple draconian
  2962 | D        | Noticed a white draconian
  2962 | D        | Noticed a mottled draconian scorcher
  2962 | D        | Noticed a green draconian
  2962 | D        | Noticed a green draconian
  2962 | D        | Noticed a white draconian shifter
  2963 | D        | Noticed a purple draconian
  2963 | D        | Noticed a green draconian
  2963 | D        | Noticed a red draconian
  2965 | D        | Noticed a white draconian knight
  2966 | D        | Noticed a green draconian
  2967 | D        | Noticed a green draconian
  2967 | D        | Noticed a white draconian
  2967 | D        | Noticed a black draconian
  2968 | D        | Noticed a red draconian
  2969 | D        | Noticed a green draconian knight
  2969 | D        | Killed a green draconian
  2970 | D        | Noticed a white draconian
  2970 | D        | Noticed a purple draconian zealot
  2970 | D        | Noticed a yellow draconian
  2970 | D        | Noticed a black draconian
  2970 | D        | Noticed a yellow draconian
  2971 | D        | Noticed a black draconian
  2973 | D        | Noticed a white draconian
  2973 | D        | Noticed a red draconian
  2973 | D        | Noticed a black draconian
  2973 | D        | Noticed a mottled draconian
  2974 | D        | Noticed a black draconian
  2974 | D        | Noticed a white draconian
  2976 | D        | Killed a mottled draconian
  2976 | D        | Killed a black draconian
  2977 | D        | Killed a purple draconian
  2979 | D        | Noticed a green draconian
  2979 | D        | Noticed a green draconian
  2980 | D        | Killed a purple draconian
  2981 | D        | Killed a red draconian
  2982 | D        | Noticed a yellow draconian
  2983 | D        | Noticed a purple draconian
  2983 | D        | Noticed a mottled draconian
  2983 | D        | Noticed a red draconian
  2984 | D        | Noticed a purple draconian
  2986 | D        | Noticed a mottled draconian
  2986 | D        | Killed a black draconian
  2987 | D        | Noticed a black draconian
  2988 | D        | Noticed a black draconian zealot
  2989 | D        | Noticed a mottled draconian caller
  2989 | D        | Killed a white draconian
  2991 | D        | Killed a purple draconian
  2993 | D        | Killed a white draconian knight
  2994 | D        | Killed a green draconian knight
  3000 | D        | Killed a green draconian
  3000 | D        | Reached XP level 19. HP: 189/189 MP: 9/36
  3001 | D        | Killed a black draconian
  3006 | D        | Killed a red draconian
  3008 | D        | Killed a green draconian
  3011 | D        | Killed a mottled draconian
  3013 | D        | Killed a green draconian
  3013 | D        | Reached skill level 27 in Evocations
  3017 | D        | Killed a green draconian
  3018 | D        | Killed a purple draconian
  3021 | D        | Killed a white draconian
  3021 | D        | Killed a white draconian
  3023 | D        | Killed a mottled draconian caller
  3024 | D        | Killed a black draconian
  3025 | D        | Killed a white draconian
  3029 | D        | Killed a mottled draconian
  3029 | D        | Killed a white draconian
  3030 | D        | Killed a black draconian
  3030 | D        | Killed a mottled draconian scorcher
  3035 | D        | Killed a mottled draconian
  3037 | D        | Killed a white draconian shifter
  3041 | D        | Killed a red draconian
  3042 | D        | Killed a yellow draconian
  3042 | D        | Killed a black draconian
  3043 | D        | Killed a purple draconian
  3047 | D        | Killed a mottled draconian zealot
  3049 | D        | Killed a purple draconian
  3051 | D        | Killed a yellow draconian
  3057 | D        | Killed a black draconian
  3060 | D        | Killed a mottled draconian
  3063 | D        | Killed a yellow draconian shifter
  3063 | D        | Killed a red draconian
  3068 | D        | Killed a black draconian
  3072 | D        | Killed a black draconian
  3074 | D        | Killed a green draconian
  3075 | D        | Killed a purple draconian zealot
  3077 | D        | Killed a purple draconian
  3082 | D        | Killed a black draconian knight
  3083 | D        | Killed a black draconian zealot
  3087 | D        | Killed a white draconian
  3091 | D        | Killed a green draconian
  3092 | D        | Killed a red draconian
  3092 | D        | Killed a green draconian
  3094 | D        | Killed a green draconian
  3102 | D        | Killed a yellow draconian
  3114 | D        | Killed a white draconian
  3119 | D        | Killed a red draconian
  3155 | D        | Entered arena 27.
  3174 | D        | Noticed a wind drake
  3175 | D        | Noticed a glowing shapeshifter
  3175 | D        | Noticed a redback
  3175 | D        | Noticed a moth of wrath
  3175 | D        | Noticed a shard shrike
  3175 | D        | Noticed a manticore
  3175 | D        | Noticed a shining eye
  3175 | D        | Noticed a glowing shapeshifter
  3175 | D        | Noticed a shard shrike
  3175 | D        | a glowing shapeshifter changed into a shard shrike
  3175 | D        | a redback changed into a manticore
  3175 | D        | a glowing shapeshifter changed into a titan
  3176 | D        | Noticed a faun
  3176 | D        | Noticed a water nymph
  3177 | D        | Noticed a shard shrike
  3177 | D        | Noticed a juggernaut
  3178 | D        | Noticed a ghost crab
  3179 | D        | Noticed a troll
  3181 | D        | Noticed a shard shrike
  3182 | D        | Noticed a shard shrike
  3182 | D        | a shard shrike changed into a titan
  3183 | D        | Noticed a trapdoor spider
  3183 | D        | a trapdoor spider changed into an octopode
  3183 | D        | Noticed a juggernaut
  3183 | D        | a shard shrike changed into a juggernaut
  3183 | D        | Noticed a juggernaut
  3183 | D        | a shard shrike changed into a juggernaut
  3185 | D        | a shard shrike changed into a titan
  3186 | D        | Noticed a juggernaut
  3186 | D        | a titan changed into a juggernaut
  3186 | D        | Noticed a shard shrike
  3186 | D        | a titan changed into a shard shrike
  3188 | D        | Killed a wind drake
  3190 | D        | Killed a troll
  3192 | D        | a shard shrike changed into a titan
  3192 | D        | a juggernaut changed into a titan
  3193 | D        | Noticed a juggernaut
  3193 | D        | a titan changed into a juggernaut
  3193 | D        | Noticed a shard shrike
  3193 | D        | a juggernaut changed into a shard shrike
  3193 | D        | a juggernaut changed into an iron dragon
  3195 | D        | Noticed a caustic shrike
  3195 | D        | Noticed a juggernaut
  3195 | D        | Noticed a blink frog
  3195 | D        | Noticed a caustic shrike
  3195 | D        | an iron dragon changed into a caustic shrike
  3196 | D        | Noticed a shard shrike
  3196 | D        | a juggernaut changed into a shard shrike
  3198 | D        | Noticed a caustic shrike
  3198 | D        | a juggernaut changed into a caustic shrike
  3198 | D        | Noticed a juggernaut
  3198 | D        | a shard shrike changed into a juggernaut
  3200 | D        | Noticed a golden dragon
  3200 | D        | a caustic shrike changed into a golden dragon
  3202 | D        | Noticed a caustic shrike
  3202 | D        | a shard shrike changed into a caustic shrike
  3202 | D        | a golden dragon changed into a shadow dragon
  3203 | D        | a caustic shrike changed into an alligator snapping turtle
  3203 | D        | a blink frog changed into a black mamba
  3203 | D        | a water nymph changed into a cyclops
  3205 | D        | Noticed a shard shrike
  3205 | D        | a juggernaut changed into a shard shrike
  3206 | D        | Reached skill level 27 in Dodging
  3208 | D        | Noticed a juggernaut
  3208 | D        | a shard shrike changed into a juggernaut
  3210 | D        | Killed a shard shrike
  3210 | D        | a caustic shrike changed into a shadow dragon
  3213 | D        | a juggernaut changed into an acid blob
  3214 | D        | Reached skill level 5 in Long Blades
  3214 | D        | Reached XP level 20. HP: 197/197 MP: 10/37
  3215 | D        | a caustic shrike changed into an iron dragon
  3217 | D        | Noticed a black bear
  3226 | D        | a black bear changed into a boggart
  3246 | D        | Noticed a golden dragon
  3246 | D        | a stone giant changed into a golden dragon
  3248 | D        | Reached skill level 10 in Long Blades
  3249 | D        | a golden dragon changed into a shadow dragon
  3319 | D        | Got the ring "Foruuxez" {Ice MR+ Int+3 SInv Stlth-}
  3328 | D        | Got the amulet "Voep" {Spirit rN+ Dex+2}
  3387 | D        | Noticed a griffon
  3387 | D        | Noticed a sea snake
  3387 | D        | Noticed a raiju
  3389 | D        | Killed a sea snake
  3391 | D        | Killed a raiju
  3398 | D        | Killed a griffon
  3402 | D        | Got the Orb of Zot
  3409 | D        | Escaped with the Orb!

Table legend:
 A = Turns spent in this place as a percentage of turns spent in the entire game.
 B = Non-inter-level travel turns spent in this place as a percentage of non-inter-level travel turns spent in the entire game.
 C = Inter-level travel turns spent in this place as a percentage of turns spent in this place.
 D = Turns resting spent in this place as a percentage of non-inter-level travel turns spent in this place.
 E = Turns spent auto-exploring this place as a percentage of non-inter-level travel turns spent in this place.
 F = Non-inter-level travel turns spent in this place divided by the number of levels of this place that you've seen.
                   A       B       C       D       E      F
               +-------+-------+-------+-------+-------+----------------------
         Total | 100.0 | 100.0 |   0.0 |   2.1 |   0.0 | 2919.0
       Dungeon | 100.0 | 100.0 |   0.0 |   2.1 |   0.0 | 2919.0
               +-------+-------+-------+-------+-------+----------------------

Table legend:
 A = Kills in this place as a percentage of kills in entire the game.
 B = Kills by you in this place as a percentage of kills by you in the entire game.
 C = Kills by friends in this place as a percentage of kills by friends in the entire game.
 D = Other kills in this place as a percentage of other kills in the entire game.
 E = Experience gained in this place as a percentage of experience gained in the entire game.
 F = Experience gained in this place divided by the number of levels of this place that you have seen.
                   A       B       C       D       E      F
               +-------+-------+-------+-------+-------+----------------------
         Total | 100.0 | 100.0 | 100.0 | 100.0 | 100.0 | 367851.0
       Dungeon | 100.0 | 100.0 | 100.0 | 100.0 | 100.0 | 367851.0
               +-------+-------+-------+-------+-------+----------------------

Vanquished Creatures
  An ancient lich (D)
  A shard shrike (shapeshifter) (D)
  2 liches (D)
  4 quicksilver dragons (D)
  A quicksilver dragon (shapeshifter) (D)
  A titan (D)
  5 deep elf blademasters (D)
  A titan (shapeshifter) (D)
  3 acid blobs (D)
  2 deep elf master archers (D)
  2 tentacled starspawn (D)
  3 krakens (D)
  2 shadow dragons (D)
  A thorn hunter (D)
  2 shadow dragons (shapeshifter) (D)
  A pandemonium lord (D)
  2 fire giants (shapeshifter) (D)
  3 storm dragons (D)
  5 azure jellies (D)
  An azure jelly (shapeshifter) (D)
  2 deep elf sorcerers (D)
  A frost giant (shapeshifter) (D)
  A draconian knight (D)
  A balrug (D)
  A ghost moth (shapeshifter) (D)
  2 iron dragons (shapeshifter) (D)
  2 draconian shifters (D)
  3 draconian zealots (D)
  4 ghouls (D)
  A spriggan defender (D)
  4 stone giants (D)
  A stone giant (shapeshifter) (D)
  A draconian caller (D)
  9 green draconians (D)
  8 vampire knights (D)
  9 black draconians (D)
  2 deep elf annihilators (D)
  6 white draconians (D)
  A dire elephant (shapeshifter) (D)
  3 dire elephants (D)
  7 purple draconians (D)
  5 mottled draconians (D)
  3 yellow draconians (D)
  6 red draconians (D)
  A blizzard demon (D)
  6 merfolk javelineers (D)
  4 crystal guardians (D)
  4 death oozes (D)
  An entropy weaver (D)
  4 merfolk impalers (D)
  2 deep elf high priests (D)
  12 vault guards (D)
  A green death (D)
  A great orb of eyes (D)
  A fire dragon (shapeshifter) (D)
  A rakshasa (D)
  2 merfolk avatars (D)
  An anaconda (D)
  An alligator snapping turtle (shapeshifter) (D)
  A catoblepas (shapeshifter) (D)
  3 merfolk aquamancers (D)
  2 satyrs (D)
  9 vampire magi (D)
  4 spriggan berserkers (D)
  A satyr (shapeshifter) (D)
  8 large abominations (D)
  3 thrashing horrors (D)
  6 iron golems (D)
  2 deep elf knights (D)
  An orc high priest (D)
  A wretched star (D)
  An iron troll (shapeshifter) (D)
  A soul eater (D)
  3 skeletal warriors (D)
  A sea snake (D)
  A sea snake (shapeshifter) (D)
  A giant orange brain (shapeshifter) (D)
  A death drake (shapeshifter) (D)
  A spriggan druid (D)
  A swamp dragon (shapeshifter) (D)
  A harpy (D)
  A lindwurm (shapeshifter) (D)
  2 harpies (shapeshifter) (D)
  A hill giant (shapeshifter) (D)
  A manticore (shapeshifter) (D)
  A deep elf summoner (D)
  A shambling mangrove (D)
  9 necromancers (D)
  4 deep elf conjurers (D)
  A griffon (D)
  A cyclops (shapeshifter) (D)
  An oklob plant (D)
  A faun (shapeshifter) (D)
  A manticore (D)
  4 hornets (D)
  4 water nymphs (D)
  A faun (D)
  2 wolf spiders (D)
  3 moths of wrath (D)
  A cyclops (D)
  2 sixfirhies (D)
  A guardian serpent (shapeshifter) (D)
  A naga mage (D)
  An eye of devastation (D)
  3 gargoyles (D)
  2 elephants (shapeshifter) (D)
  2 spiny frogs (shapeshifter) (D)
  2 guardian serpents (D)
  3 demonic crawlers (D)
  A yaktaur (D)
  A dryad (D)
  2 queen bees (shapeshifter) (D)
  A merfolk (D)
  2 deep elf priests (D)
  A freezing wraith (D)
  A wind drake (shapeshifter) (D)
  3 jumping spiders (D)
  A slime creature (shapeshifter) (D)
  6 wind drakes (D)
  A two-headed ogre (shapeshifter) (D)
  2 air elementals (D)
  A troll (shapeshifter) (D)
  A flying skull (D)
  A raiju (D)
  3 trapdoor spiders (D)
  11 slime creatures (D)
  2 tarantellas (D)
  2 trapdoor spiders (shapeshifter) (D)
  6 shadows (D)
  A redback (shapeshifter) (D)
  A spriggan (D)
  5 vampires (D)
  A tarantella (shapeshifter) (D)
  4 water elementals (D)
  2 yaks (D)
  3 deep elf magi (D)
  A fire bat (shapeshifter) (D)
  A golden eye (D)
  7 small abominations (D)
  4 deep elf fighters (D)
  A wolf (D)
  A golden eye (shapeshifter) (D)
  2 nagas (D)
  3 neqoxecs (D)
  A human (shapeshifter) (D)
  An insubstantial wisp (D)
  An orc warrior (D)
  2 water moccasins (D)
  2 porcupines (D)
  8 wasps (D)
  6 necrophages (D)
  A spider (D)
  An ice beast (shapeshifter) (D)
  2 black bears (D)
  A boggart (shapeshifter) (D)
  3 black bears (shapeshifter) (D)
  An ogre (shapeshifter) (D)
  A brain worm (D)
  7 earth elementals (D)
  8 wights (D)
  3 scorpions (D)
  2 crimson imps (D)
  4 jellies (D)
  5 starcursed masses (D)
  2 orc wizards (D)
  5 quasits (D)
  A hound (shapeshifter) (D)
  2 iron imps (D)
  3 shadow imps (D)
  4 white imps (D)
  6 adders (D)
  6 ufetubi (D)
  3 adder skeletons (D)
  4 adder zombies (D)
  3 spectral bats (D)
  3 ball pythons (D)
  3 bat skeletons (D)
  4 bat zombies (D)
  A kobold (shapeshifter) (D)
  A ball python zombie (D)
  3 giant cockroach zombies (D)
  4 giant gecko skeletons (D)
  2 giant gecko zombies (D)
  A jackal skeleton (D)
  A jackal zombie (D)
  5 quokka skeletons (D)
  2 quokka zombies (D)
  A butterfly (D)
  2 crawling corpses (D)
  A starspawn tentacle (D)
  7 tentacles (D)
  A tentacle segment (D)
505 creatures vanquished.

Vanquished Creatures (collateral kills)
  A death ooze (D)
  A merfolk javelineer (D)
  A hornet (D)
  A shining eye (D)
  A wolf spider (D)
  A jumping spider (D)
  A tarantella (D)
  2 orc warriors (D)
  An orc wizard (D)
  An iron imp (D)
11 creatures vanquished.

Vanquished Creatures (others)
  A storm dragon (D)
  An azure jelly (shapeshifter) (D)
  2 draconian knights (D)
  A draconian scorcher (D)
  A stone giant (shapeshifter) (D)
  A white draconian (D)
  2 merfolk impalers (D)
  A thrashing horror (D)
  A merfolk aquamancer (D)
  A spatial maelstrom (D)
  An orange demon (D)
  A black mamba (shapeshifter) (D)
  A yaktaur (shapeshifter) (D)
  A freezing wraith (D)
  2 large abominations (D)
  A spriggan (shapeshifter) (D)
  A shadow (D)
  2 neqoxecs (D)
  A redback (shapeshifter) (D)
  A spider (shapeshifter) (D)
  A necrophage (D)
  A jelly (shapeshifter) (D)
  An adder zombie (D)
  A lurking horror (D)
  6 starspawn tentacles (D)
  215 starspawn tentacle segments (D)
  18 tentacles (D)
  1858 tentacle segments (D)
2125 creatures vanquished.

Grand Total: 2641 creatures vanquished
